 Dungeon Crawl Stone Soup version 0.24-a0-292-g5c6fb1c (webtiles) character file.

Game seed: 7203176460182681206

1816 galech the Chopper (level 8, -10/62 HPs)
             Began as a Demonspawn Fighter on May 10, 2019.
             Mangled by an orc warrior
             ... wielding a +0 trident
              (11 damage)
             ... on level 6 of the Dungeon.
             The game lasted 00:06:37 (4724 turns).

galech the Chopper (Demonspawn Fighter)             Turns: 4724, Time: 00:06:38

Health: -10/62     AC: 13    Str: 17    XL:     8   Next: 85%
Magic:  0/8        EV:  6    Int:  9    God:
Gold:   303        SH: 10    Dex: 15    Spells: 7/7 levels left

rFire    . . .     SeeInvis .   a - +0 war axe
rCold    . . .     Gourm    .   c - +0 shield
rNeg     . . .     Faith    .   k - +1 chain mail {rPois}
rPois    +         Spirit   +   (helmet restricted)
rElec    .         Reflect  .   (no cloak)
rCorr    .         Harm     .   n - +0 pair of gloves
MR       .....     Rnd*Tele +   h - +0 pair of boots
Stlth    ..........             (no amulet)
HPRegen  0.20/turn              A - +2 ring of slaying
MPRegen  0.11/turn              q - ring of teleportation (curse)

@: no status effects
A: antennae 1, magic shield
a: no special abilities


You were on level 6 of the Dungeon.
You were not hungry.

You visited 1 branch of the dungeon, and saw 6 of its levels.
You also visited: Sewer.

You collected 303 gold pieces.

Inventory:

Hand Weapons
 a - a +0 war axe (weapon)
Armour
 c - a +0 shield (worn)
 h - a +0 pair of boots (worn)
 k - a +1 chain mail of poison resistance (worn)
 n - a +0 pair of gloves (worn)
Jewellery
 j - an uncursed ring of fire
 m - an uncursed ring of stealth
 q - a cursed ring of teleportation (right hand)
 A - a +2 ring of slaying (left hand)
 B - an uncursed ring of protection from magic {unknown}
Wands
 E - a wand of acid (10)
Scrolls
 e - 3 scrolls of teleportation
 i - a scroll of immolation
 o - a scroll of enchant weapon
 p - 2 scrolls of enchant armour
 u - a scroll of fog {unknown}
 v - a scroll of remove curse {unknown}
 x - a scroll of amnesia {unknown}
 y - a scroll of vulnerability {unknown}
 z - a scroll of random uselessness {unknown}
Potions
 b - 2 potions of degeneration {unknown}
 d - a potion of lignification {unknown}
 l - 2 potions of magic {unknown}
 r - a potion of ambrosia {unknown}
 s - 2 potions of curing {unknown}
 t - a potion of brilliance {unknown}
 w - 2 potions of mutation {unknown}
 C - a potion of invisibility {unknown}
 D - 2 potions of flight {unknown}
Comestibles
 f - 12 rations
 g - 7 chunks of flesh


   Skills:
 + Level 5.0 Fighting
 + Level 7.2 Axes
 + Level 5.2 Armour
 + Level 2.0 Dodging
 + Level 0.6 Stealth
 + Level 5.1 Shields


You had 7 spell levels left.
You didn't know any spells.
Your spell library was empty.

Dungeon Overview and Level Annotations

Branches:
Dungeon (6/15)
 Temple: D:4-7

Altars:
Elyvilon
Nemelex Xobeh

Shops:
D:5 :

Annotations:
D:6 Grinder


Innate Abilities, Weirdness & Mutations

You have a pair of small antennae on your head.
When hurt, damage is shared between your health and your magic reserves.


Message History

You start resting.
You feel a little less mighty now.
You start resting.
You feel strangely unstable.
You are suddenly yanked towards some nearby monsters!
Your surroundings suddenly seem different.
The orc warrior shouts!
The orc shouts!
As you read the scroll of teleportation, it crumbles to dust.
You feel strangely unstable. You block the orc warrior's attack.
The orc priest invokes the aid of Beogh against you.
Beogh smites you!
* * * LOW HITPOINT WARNING * * *
Your surroundings seem slightly different.
The orc priest begins to cast a cantrip, but forgets the words!
The orc warrior hits you from afar with a +0 trident.
* * * LOW HITPOINT WARNING * * *
The orc hits you but does no damage.
Grinder shouts!
The orc warrior hits you with a +0 trident!
You die...

######### #.......# #./....ยง#
#.......# #.......# #......o#
***** #...[[@o# **,,,** #.......#
**,,,,,* ***** #.......# *,,,,,,,
,,,,* #....o..# *,,,,,,,
,,,>****###..##.### *,,,,,,,
,,,,,,,,.......5..#####****,,,,>*
,,,,**,,....o..........,,,,,,,,,*
,,,,,,,.........#######***,,,,,,,
,,,,***###.####...## *,,,,,,,


You could see Grinder, an orc warrior, an orc priest and an orc.

Vanquished Creatures
  Pikel (D:6)
  Edmund (D:6)
  A slave (D:5)
  2 phantoms (D:3)
  Purgy (Sewer)
  3 centaurs
  4 scorpions
  A howler monkey (D:4)
  A crimson imp (D:5)
  A hound (D:6)
  A centaur skeleton (D:4)
  A bullfrog skeleton (D:6)
  4 worker ants
  2 hound skeletons
  6 gnolls
  7 adders
  An adder skeleton (D:4)
  4 worms
  4 dart slugs
  5 leopard geckos
  10 orcs
  3 giant cockroaches
  10 goblins
  7 hobgoblins
  2 jackals (Sewer)
  5 kobolds
  4 quokkas
  3 ball pythons
  7 bats
  5 frilled lizards
  A jackal skeleton (D:5)
  A leopard gecko skeleton (D:4)
  2 quokka skeletons
  8 rats
119 creatures vanquished.

Notes
Turn   | Place    | Note
-------+----------+-------------------------------------------
     0 | D:1      | galech the Demonspawn Fighter began the quest for the Orb.
     0 | D:1      | Reached XP level 1. HP: 18/18 MP: 1/1
   179 | D:1      | Gained mutation: When hurt, damage is shared between your
                  | health and your magic reserves. [demonic ancestry]
   179 | D:1      | Reached XP level 2. HP: 20/24 MP: 2/2
   308 | D:1      | Reached skill level 2 in Axes
   695 | D:2      | Reached XP level 3. HP: 25/29 MP: 3/3
   794 | D:2      | Found a sparkling altar of Nemelex Xobeh.
  1309 | D:3      | Noticed a phantom
  1318 | D:3      | Gained mutation: You have a pair of small antennae on your
                  | head. [demonic ancestry]
  1318 | D:3      | Reached XP level 4. HP: 35/35 MP: 4/4
  1330 | D:3      | Reached skill level 3 in Axes
  2031 | D:3      | Killed a phantom
  2031 | D:3      | Reached XP level 5. HP: 33/41 MP: 5/5
  2258 | D:3      | Noticed a phantom
  2303 | D:3      | Killed a phantom
  2303 | D:3      | Reached skill level 4 in Axes
  2303 | D:3      | Reached XP level 6. HP: 29/47 MP: 6/6
  2589 | D:4      | Reached skill level 1 in Dodging
  2872 | D:4      | Reached XP level 7. HP: 50/53 MP: 7/7
  3209 | D:5      | Entered Level 5 of the Dungeon
  3218 | D:5      | Found Gerer's Book Boutique.
  3260 | D:5      | Reached skill level 5 in Axes
  3802 | D:5      | Found a white marble altar of Elyvilon.
  3984 | D:6      | Found a glowing drain.
  3992 | D:6      | Noticed Grinder
  3999 | D:6      | Noticed Pikel
  4265 | D:6      | Killed Pikel
  4265 | D:6      | Reached skill level 6 in Axes
  4265 | D:6      | Reached XP level 8. HP: 49/61 MP: 4/8
  4295 | Sewer    | Entered a sewer
  4380 | Sewer    | Noticed Purgy
  4410 | Sewer    | Killed Purgy
  4410 | Sewer    | Reached skill level 5 in Armour
  4645 | D:6      | Reached skill level 7 in Axes
  4648 | D:6      | Noticed Edmund
  4655 | D:6      | Reached skill level 5 in Shields
  4659 | D:6      | Killed Edmund
  4659 | D:6      | Reached skill level 5 in Fighting
  4680 | D:6      | HP: 3/62 [poisoned by Edmund]
  4688 | D:6      | HP: 3/62 [poisoned by Edmund]
  4722 | D:6      | HP: 3/62 [orc priest/divine providence (6)]
  4723 | D:6      | HP: 1/62 [orc warrior/+0 trident (2)]
  4724 | D:6      | Mangled by an orc warrior

Levels and vault maps discovered:
D:1:      elethiomel_arrival_shortcut, layout_basic
D:2:      layout_loops_ring, nicolae_overflow_crystal_walls,
          corexii_corridor_pit, minmay_misc_feat_cross
D:3:      layout_rooms, saegor_snake_ambush
D:4:      layout_basic
D:5:      layout_rooms, elyvilon_altar_1, first_ration, serial_shops,
          nicolae_shop_waterfront
D:6:      layout_rooms, portal_sewer_entry_a, uniq_pikel, uniq_grinder,
          uniq_edmund

Skill      XL: |  1  2  3  4  5  6  7  8 |
---------------+-------------------------+-----
Armour         | 3 4 5 |  5.2
Axes           | 2 3 4 6 7 |  7.2
Shields        | 3 4 5 |  5.1
Dodging        | 1 2 |  2.0
Fighting       | 4 5 |  5.0
Stealth        | |  0.6

Action                   |  1- 3 |  4- 6 |  7- 9 || total
-------------------------+-------+-------+-------++-------
Melee: War axe           |    98 |   222 |   160 ||   480
  Use: Scroll            |       |     4 |     5 ||     9
       Potion            |       |       |     2 ||     2
  Eat: Chunk             |     1 |     6 |     6 ||    13
Armor: Scale mail        |    35 |       |       ||    35
       Chain mail        |     6 |   154 |   141 ||   301
Dodge: Dodged            |    26 |    45 |    48 ||   119
Block: Shield            |    38 |   121 |   123 ||   282

Table legend:
 A = Non-vault XP
 B = Vault XP
 C = Vault XP percentage of total XP
 D = Non-vault monster count
 E = Vault monster count
 F = Vault count percentage of total count
                 A         B        C        D         E       F
            +---------+---------+-------+---------+---------+-------
      Total |    1599 |     996 |  38.4 |     105 |      13 |  11.0
            +---------+---------+-------+---------+---------+-------
        D:1 |      28 |       0 |   0.0 |      13 |       0 |   0.0
        D:2 |      64 |       0 |   0.0 |      17 |       0 |   0.0
        D:3 |     311 |      13 |   4.0 |      26 |       1 |   3.7
        D:4 |     332 |       0 |   0.0 |      24 |       0 |   0.0
        D:5 |     410 |       0 |   0.0 |      11 |       0 |   0.0
        D:6 |     454 |     845 |  65.1 |      14 |       6 |  30.0
      Sewer |       0 |     138 | 100.0 |       0 |       6 | 100.0
            +---------+---------+-------+---------+---------+-------
